AoeStats
← PALITOMAN

Fortress

509359512Analyzed
4v4 RM · 6d ago on Sep 26, 2026· 30m 25s· 8 players
Game mode
Random Map
Map size
Huge
Population
200
Speed
Normal
Resources
Standard
Victory
Conquest
Starting age
Dark Age
Ending age
Imperial Age
RankedLock teamsTeams togetherTeam positionsShared explorationLock speedFull tech treeHidden civsTurbo modeCheats
Victory
Defeat
🇹🇼 Turks · Taiwan
1155
+14
🇦🇷 Khmer · Argentina
1121
+15
🇪🇸 Spanish · Spain
1099
+16
🇹🇼 Burgundians · Taiwan
1063
+19
🇺🇸 Danes · United States
1164
-18
🇪🇸 Ethiopians · Spain
1098
-16
🇩🇪 Byzantines · Germany
1098
-16
🇺🇦 Spanish · Ukraine
1055
-14
dong
1:23 Loom
6:57 Feudal Age
7:45 Double-Bit Axe
7:47 Horse Collar
10:08 Gold Mining
14:15 Castle Age
15:34 Heavy Plow
15:47 Bow Saw
17:40 Fletching
18:22 Scale Mail Armor
Cloud
1:53 Loom
8:26 Feudal Age
8:56 Double-Bit Axe
8:55 Horse Collar
13:55 Castle Age
15:14 Bow Saw
17:51 Scale Mail Armor
19:23 Chain Mail Armor
20:54 Wheelbarrow
20:12 Gold Mining
20:25 Heavy Plow
22:50 Hand Cart
22:50 Forging
23:46 Squires
24:37 Iron Casting
28:36 Imperial Age
29:30 Torsion Engines
30:36 Two-Man Saw
KabaH4iK
7:53 Feudal Age
11:54 Castle Age
10:29 Double-Bit Axe
11:14 Horse Collar
11:51 Forging
11:41 Fletching
13:16 Bow Saw
13:36 Loom
14:49 Gold Mining
16:39 Heavy Plow
19:11 Wheelbarrow
21:15 Gold Mining
23:04 Stone Mining
23:25 Scale Barding Armor
26:13 Hand Cart
26:02 Padded Archer Armor
26:00 Bodkin Arrow
27:25 Iron Casting
26:52 Padded Archer Armor
28:01 Chain Barding Armor
29:04 Bloodlines
28:55 Husbandry
32:16 Imperial Age
29:53 Stone Mining
30:21 Leather Archer Armor
chaconuribedesign
2:58 Loom
8:15 Feudal Age
13:46 Castle Age
11:53 Double-Bit Axe
13:58 Horse Collar
15:51 Wheelbarrow
PALITOMAN
6:09 Feudal Age
12:13 Castle Age
12:24 Double-Bit Axe
14:53 Bloodlines
19:43 Padded Archer Armor
21:16 Bow Saw
20:47 Horse Collar
26:54 Imperial Age
25:09 Husbandry
26:56 Forging
26:52 Scale Barding Armor
27:15 Scale Barding Armor
28:57 Iron Casting
28:27 Scale Mail Armor
28:52 Chain Barding Armor
30:50 Two-Man Saw
31:19 Blast Furnace
31:24 Plate Barding Armor
30:22 Light Cavalry
yam70018
3:37 Double-Bit Axe
3:36 Horse Collar
10:13 Feudal Age
14:03 Castle Age
12:14 Scale Barding Armor
12:19 Forging
11:59 Fletching
12:42 Gold Mining
13:20 Bow Saw
13:13 Heavy Plow
14:20 Gold Shaft Mining
15:31 Chain Barding Armor
15:59 Loom
16:00 Town Watch
17:49 Iron Casting
21:58 Wheelbarrow
23:52 Husbandry
26:41 Burgundian Vineyards
28:45 Fletching
33:32 Imperial Age
hello are you ok
1:14 Loom
7:31 Feudal Age
11:31 Castle Age
10:04 Double-Bit Axe
10:34 Horse Collar
18:41 Imperial Age
26:22 Town Watch
26:30 Gold Mining
28:01 Conscription
ELTRAVERO
0:28 Loom
6:40 Feudal Age
7:50 Double-Bit Axe
8:05 Horse Collar
13:03 Castle Age
11:28 Gold Mining
12:51 Wheelbarrow
13:21 Scale Barding Armor
14:11 Bow Saw
15:07 Bloodlines
17:53 Husbandry
20:48 Hand Cart
20:54 Stone Mining
21:39 Gold Shaft Mining
27:56 Imperial Age
29:00 Conscription
29:51 Chemistry
Connection lost

Rejoining the realm…

Still unreachable

The connection could not be restored.

Session expired

The server has moved on; the page needs a fresh start.